 Dungeon Crawl Stone Soup version 0.29-a0-106-g0a07039d5a (webtiles) character file.

Game seed: 4597400307382428021

110 YayAnonymity the Skirmisher (level 4, 0/49 HPs)
             Began as an Ogre Hunter on Feb 16, 2022.
             Succumbed to an adder's poison
             ... on level 2 of the Dungeon.
             The game lasted 00:03:42 (2162 turns).

YayAnonymity the Skirmisher (Ogre Hunter)           Turns: 2162, Time: 00:03:43

Health: 0/49       AC:  4    Str: 18    XL:     4   Next: 91%
Magic:  4/4        EV: 10    Int: 12    God:
Gold:   113        SH:  0    Dex:  9    Spells: 3/3 levels left

rFire   . . .      SeeInvis .   n - +0 dagger (freeze)
rCold   . . .      Faith    .   (no shield)
rNeg    . . .      Spirit   .   b - +1 robe
rPois   .          Reflect  .   (helmet restricted)
rElec   .          Harm     .   (no cloak)
rCorr   .          Rampage  .   (gloves unavailable)
Will    .....                   (boots unavailable)
Stlth   +.........              (no amulet)
HPRegen 0.16/turn               (no ring)
MPRegen 0.09/turn               (no ring)

@: lethally poisoned (0 -> -8), invisible
A: large, unfitting armour, tough skin 1
a: no special abilities


You were on level 2 of the Dungeon.
You visited 1 branch of the dungeon, and saw 2 of its levels.

You collected 113 gold pieces.

Inventory:

Hand Weapons
 a - a +0 short sword
 e - a +0 club
 n - a +0 dagger of freezing (weapon)
Missiles
 c - 3 large rocks (quivered)
 d - 2 throwing nets
 i - 42 stones
Armour
 b - a +1 robe (worn)
Scrolls
 h - a scroll of enchant weapon {unknown}
 j - 3 scrolls of identify {unknown}
 k - a scroll of teleportation {unknown}
 l - a scroll of brand weapon {unknown}
 m - a scroll of torment {unknown}
Potions
 g - a potion of heal wounds {unknown}


   Skills:
 * Level 4.9 Fighting
 + Level 1.6 Maces & Flails
 + Level 4.5 Throwing
 - Level 2.0 Dodging
 - Level 0.6 Stealth


You had 3 spell levels left.
You didn't know any spells.
Your spell library contained the following spells:

 Spells                   Type           Power      Damage    Failure   Level
 Static Discharge         Conj/Air       0%         N/A       45%         2
 Gell's Gravitas          Tloc           0%         N/A       69%         3
 Teleport Other           Tloc           0%         N/A       69%         3
 Lightning Bolt           Conj/Air       0%         1d11      100%        5
 Dispersal                Tloc           0%         N/A       100%        6
 Maxwell's Capacitive Co  Air            0%         ∞         100%        8


Dungeon Overview and Level Annotations

Branches:
Dungeon (2/15)

Altars:

Shops:
D:2 ?


Innate Abilities, Weirdness & Mutations

You are too large for most types of armour.
You have tough skin. (AC +1)


Message History

The adder poisons you! The adder bites you but does no damage.
You closely miss the adder.
The adder is almost dead.
You feel sick. The adder bites you but does no damage.
You barely miss the adder.
The adder is almost dead.
You feel sick. The adder bites you.
You are more poisoned.
The adder poisons you!
You closely miss the adder.
The adder is almost dead.
You feel sick. The adder barely misses you.
You barely miss the adder.
The adder is almost dead.
You feel sick. The adder bites you.
* * * LOW HITPOINT WARNING * * *
The adder bites you.
* * * LOW HITPOINT WARNING * * *
You are lethally poisoned!
The adder poisons you!
You closely miss the adder.
The adder is almost dead.
* * * LOW HITPOINT WARNING * * *
You feel sick. The adder bites you but does no damage.
You closely miss the adder.
The adder is almost dead.
* * * LOW HITPOINT WARNING * * *
You feel sick. The adder bites you.
* * * LOW HITPOINT WARNING * * *
You are more poisoned.
The adder poisons you!
You hit the adder but do no damage.
The adder is severely wounded.
* * * LOW HITPOINT WARNING * * *
You feel very sick. The adder misses you. The adder bites you.
* * * LOW HITPOINT WARNING * * *
It was a potion of invisibility.
You fade into invisibility!
You die...

. #..# ##.# #.# #.# #.#
# ###### #.#####
###.######....# #......
...........).)##########
#.....@(..#)....)......
###.###S###)###.######.
.....#.# #.# ###
#.#.#P#.# #.# #..
P.$.P..#.# #.# #.# ###.#
#.# #.###.# #.# ...


P.P #..##.## #.# ###.###.###......## #.# #. P......#[......# #.# You could see
an adder.

Vanquished Creatures
  A jelly (D:2)
  Terence (D:2)
  Robin (D:2)
  An adder skeleton (D:2)
  2 dart slugs
  3 endoplasms
  13 goblins
  4 hobgoblins
  5 kobolds
  A ball python (D:1)
  A bat (D:2)
  2 frilled lizards
  2 rats
37 creatures vanquished.

Vanquished Creatures (others)
  A goblin (D:2)
  3 fungi (D:2)
  2 plants (D:2)
6 creatures vanquished.

Grand Total: 43 creatures vanquished

Notes
Turn   | Place    | Note
-------+----------+-------------------------------------------
     0 | D:1      | YayAnonymity the Ogre Hunter began the quest for the Orb.
     0 | D:1      | Reached XP level 1. HP: 22/22 MP: 1/1
   223 | D:1      | Reached XP level 2. HP: 25/31 MP: 2/2
  1326 | D:2      | Found Ihuufrism's Magic Scroll Shop.
  1404 | D:2      | Reached XP level 3. HP: 19/37 MP: 3/3
  1742 | D:2      | Noticed Terence
  1747 | D:2      | Killed Terence
  1748 | D:2      | Reached skill level 1 in Maces & Flails
  1749 | D:2      | Reached XP level 4. HP: 41/49 MP: 4/4
  2085 | D:2      | Identified the +4 ring mail "Gog Xey" {Int+4 Stlth+}
  2109 | D:2      | Noticed Robin
  2112 | D:2      | Killed Robin
  2161 | D:2      | HP: 2/49 [poisoned by an adder]
  2162 | D:2      | Succumbed to an adder's poison

Illustrated notes

Levels and vault maps discovered:
D:1:      eino_arrival_cavern_b, layout_rooms, grunt_decor_clamped, minivault_4
D:2:      layout_loops_ring, shapermc_ecumenical_altar_mp_urbaneastern,
          serial_shops, shop_statue, chequers_serial_rivers_large_a,
          eino_tiny_chamber, uniq_robin, uniq_terence

Skill      XL: |  1  2  3 |
---------------+----------+-----
Fighting       | 3 4 |  4.9
Dodging        | 2 |  2.0
Maces & Flails | 1 |  1.6
Throwing       | |  4.5
Stealth        | |  0.6

Action                   |  1- 3 |  4- 6 || total
-------------------------+-------+-------++-------
Melee: Short sword       |    86 |    34 ||   120
       Dagger            |       |    10 ||    10
Throw: Large rock        |     5 |     4 ||     9
  Use: Scroll            |     1 |       ||     1
       Potion            |       |     1 ||     1
Armor: Robe              |    24 |    16 ||    40
Dodge: Dodged            |    50 |    17 ||    67

Table legend: (Time is in decaauts)
 A = Elapsed time spent in this place.
 B = Non-inter-level travel time spent in this place.
 C = Inter-level travel time spent in this place.
 D = Time resting spent in this place.
 E = Time spent auto-exploring this place.
 F = Levels seen in this place.
 G = Mean time per level.
                   A        B        C        D        E       F      G
               +--------+--------+--------+--------+--------+-----+--------+
         Total |   2186 |   2059 |    127 |      0 |   1726 |   2 | 1093.0 |
       Dungeon |   2186 |   2059 |    127 |      0 |   1726 |   2 | 1093.0 |
               +--------+--------+--------+--------+--------+-----+--------+

Top non-repeatable levels by time:
     D:1: 1272 daAuts
     D:2: 913 daAuts
